Map: Sueño eterno EE

Players

MrFercho - Winner!

  • Race: Zerg Zerg
  • League: Gold
  • Spawn Location: 1:00

Scarface

  • Race: Terran Terran
  • Spawn Location: 7:00

VOD

Have the link to the VOD?

Description

Time

  • Played on: Aug. 5, 2020, 7:41 p.m.
  • Length: 14:12
Show
View Real Time Build Order
Export as new Build Order

MrFercho Zerg - Winner!

Build Orders: Hatch First 

Get SALT Encoding   

  12  0:01  Drone  
  13  0:13  Overlord  
  13  0:18  Drone  
  14  0:32  Drone x2  
  16  0:49  Hatchery  
  15  0:53  Drone  
  15  0:57  Drone  
  17  1:01  Drone  
  18  1:11  Extractor  
  17  1:15  Drone  
  18  1:24  Drone  
  19  1:30  Spawning Pool, Drone  
  19  1:40  Drone  
  20  1:51  Overlord  
  20  2:01  Drone  
  20  2:02  Drone  
  22  2:19  Zergling x4  
  22  2:22  Queen x2  
  28  2:25  Overlord  
  28  2:26  Drone  
  29  2:33  Drone x2  
  31  2:50  Drone  
  31  2:51  Drone  
  33  2:55  Drone  
  33  2:56  Drone  
  35  3:01  Queen  
  39  3:07  Lair  
  37  3:20  Roach Warren  
  37  3:24  Drone  
  37  3:25  Evolution Chamber, Drone x3  
  39  3:28  Overlord  
  39  3:37  Drone x4  
  43  3:49  Drone  
  43  3:50  Drone x3  
  43  3:51  Overlord  
  43  3:54  Extractor  
  46  3:56  Zerg Missile Weapons Level 1  
  46  3:57  Extractor  
  45  4:09  Queen  
  47  4:20  Drone x3  
  47  4:23  Overlord  
  50  4:28  Glial Reconstitution  
  50  4:42  Roach x7  
  64  4:48  Overlord  
  64  5:19  Roach x3  
  64  5:20  Roach x2  
  74  5:34  Overlord x2  
  74  5:38  Hatchery  
  74  5:40  Hatchery  
  72  5:58  Ravager  
  73  6:06  Evolution Chamber  
  72  6:15  Roach x3  
  72  6:16  Roach  
  72  6:17  Drone x5  
  85  6:26  Spore Crawler  
  85  6:28  Spore Crawler  
  83  6:33  Spore Crawler  
  83  6:36  Queen  
  83  6:43  Drone  
  83  6:44  Drone  
  84  6:47  Drone x3  
  84  6:52  Overlord  
  87  7:14  Drone x9  
  96  7:37  Drone x2  
  96  7:41  Drone  
  96  7:42  Drone x2  
  96  7:43  Drone  
  96  7:44  Drone x2  
  104  7:51  Extractor  
  103  7:54  Zerg Missile Weapons Level 2, Hydralisk Den  
  103  7:55  Zerg Ground Armor Level 1  
  103  7:56  Overlord x2  
  103  7:57  Overlord  
  102  8:00  Drone x2  
  104  8:05  Extractor  
  104  8:07  Queen  
  104  8:08  Extractor  
  104  8:21  Infestation Pit  
  103  8:33  Drone x12  
  103  8:34  Drone x3  
  118  8:44  Overlord  
  118  8:45  Overlord x3  
  118  8:46  Overlord  
  118  9:04  Spine Crawler  
  118  9:08  Overseer  
  117  9:12  Roach x13  
  143  9:18  Muscular Augments  
  143  9:20  Hive  
  143  9:24  Lurker Den  
  143  9:28  Spire  
  141  9:41  Overlord x3  
  141  9:50  Drone x5  
  141  9:51  Drone x7  
  153  9:58  Hydralisk  
  153  9:59  Hydralisk  
  96  10:21  Hydralisk x10  
  96  10:28  Extractor  
  115  10:29  Grooved Spines  
  115  10:31  Extractor  
  114  10:40  Zerg Missile Weapons Level 3  
  114  10:41  Zerg Ground Armor Level 2  
  114  10:45  Hydralisk x2  
  114  10:46  Hydralisk x12  
  142  10:55  Overseer  
  142  11:12  Spore Crawler  
  142  11:15  Spine Crawler  
  142  11:16  Drone x3  
  142  11:18  Spine Crawler  
  142  11:20  Drone x2  
  142  11:21  Drone  
  142  11:22  Drone x3  
  142  11:24  Hydralisk x8  
  162  11:59  Roach x5  
  162  12:00  Roach x2  
  176  12:01  Overlord  
  176  12:02  Overlord x2  
  160  12:26  Hydralisk x4  
  160  12:27  Hydralisk x14  
  158  12:45  Corruptor  
  158  12:46  Corruptor x5  
  138  13:16  Hydralisk  
  138  13:17  Hydralisk x14  
  186  14:03  Lurker  
  186  14:04  Lurker x2  
Show
View Real Time Build Order
Export as new Build Order

Scarface Terran 

Build Orders: Reaper Expand 

Get SALT Encoding   

  12  0:00  SCV  
  13  0:15  Supply Depot  
  13  0:18  SCV  
  14  0:30  SCV  
  15  0:38  Barracks  
  15  0:44  SCV, Refinery  
  16  0:56  SCV  
  17  1:08  SCV  
  18  1:20  SCV  
  19  1:28  Reaper  
  20  1:32  Orbital Command  
  20  1:45  Command Center  
  20  1:52  Supply Depot  
  20  2:09  Marine  
  21  2:16  Factory  
  21  2:23  SCV  
  21  2:25  Refinery  
  22  2:35  SCV  
  23  2:39  Barracks Tech Lab  
  23  2:47  SCV  
  24  2:59  SCV, Orbital Command  
  24  3:02  Starport  
  24  3:03  Factory Reactor  
  24  3:04  Marine  
  26  3:11  SCV  
  27  3:22  Marine  
  27  3:23  SCV  
  29  3:29  SCV  
  30  3:35  Stimpack, SCV  
  30  3:41  SCV  
  32  3:48  Hellion x2  
  36  3:49  Starport Tech Lab  
  36  3:51  SCV  
  36  3:53  SCV  
  38  3:56  Refinery  
  38  3:58  Refinery  
  38  4:04  SCV  
  38  4:05  SCV  
  40  4:15  Banshee  
  40  4:16  SCV  
  44  4:17  SCV  
  45  4:27  Barracks  
  45  4:28  Factory Tech Lab, SCV  
  46  4:37  Supply Depot  
  46  4:39  Supply Depot  
  46  4:59  Siege Tank, SCV  
  50  5:04  SCV  
  50  5:05  Supply Depot  
  51  5:08  Supply Depot  
  51  5:10  Viking  
  51  5:11  SCV  
  51  5:13  Cloaking Field  
  54  5:16  SCV  
  54  5:24  Marine  
  54  5:28  Combat Shield  
  55  5:31  Siege Tank  
  58  5:42  Marine  
  59  5:51  SCV x2  
  59  5:57  Supply Depot  
  61  6:03  Siege Tank, SCV x2  
  66  6:09  Marine  
  66  6:11  Marine x2  
  67  6:15  SCV  
  66  6:18  SCV  
  67  6:25  Command Center  
  67  6:26  Marine  
  67  6:27  SCV  
  67  6:29  Marine  
  67  6:30  SCV  
  71  6:39  SCV  
  72  6:40  Marine  
  72  6:44  Marine  
  72  6:46  Marine  
  72  6:53  Barracks  
  72  6:56  Engineering Bay  
  72  7:01  Starport Reactor  
  72  7:03  Marauder  
  72  7:07  Concussive Shells  
  74  7:09  Marine x2  
  74  7:13  Siege Tank  
  79  7:23  Marine, Engineering Bay  
  79  7:27  Supply Depot x2  
  80  7:41  Orbital Command  
  80  7:49  Sensor Tower  
  80  7:51  Marine x3  
  80  7:52  Marauder  
  80  7:55  Terran Infantry Weapons Level 1  
  80  7:56  Terran Infantry Armor Level 1  
  85  8:07  Factory  
  85  8:10  Marauder  
  85  8:12  Armory  
  87  8:18  Medivac x2  
  91  8:25  Starport  
  91  8:34  Marine x3, Orbital Command  
  92  8:35  Marauder  
  96  8:46  Supply Depot  
  96  8:48  Medivac x2  
  98  8:51  Marine  
  98  8:52  Marauder, Marine  
  98  8:53  Factory Tech Lab  
  98  8:54  Barracks  
  104  9:04  Armory  
  104  9:08  Supply Depot  
  104  9:16  Marine x3  
  107  9:22  Sensor Tower  
  107  9:31  Supply Depot, SCV x3  
  110  9:42  Barracks Tech Lab  
  110  9:43  SCV x3  
  113  9:46  Starport Reactor  
  113  9:48  Refinery  
  113  9:55  SCV  
  105  10:04  Marine  
  105  10:05  Marauder, Marine x2  
  95  10:22  Marine x2, Siege Tank x2  
  95  10:23  Marauder, Medivac x2  
  95  10:25  Barracks  
  95  10:26  Marine  
  110  10:31  Supply Depot  
  110  10:35  Terran Infantry Weapons Level 2, Terran Infantry Armor Level 2  
  110  10:36  Supply Depot  
  110  10:39  Terran Vehicle Weapons Level 1  
  110  10:40  Marine x2, Drilling Claws  
  112  10:44  Marine  
  112  10:48  SCV x3  
  116  10:51  Refinery  
  116  11:00  SCV x3  
  119  11:04  Marine  
  119  11:05  Marine x3  
  119  11:06  Marauder  
  125  11:12  SCV x2  
  125  11:13  SCV  
  128  11:22  Marine x2  
  128  11:23  Marauder  
  128  11:24  Marauder, SCV x2  
  128  11:25  SCV  
  137  11:26  Marine  
  138  11:35  Widow Mine x2  
  142  11:40  Marine x2  
  142  11:44  Marine x2  
  142  11:45  Marauder  
  148  11:56  Widow Mine x2  
  148  11:58  Marine x2  
  154  12:02  Marine  
  154  12:03  Marauder  
  157  12:20  Marauder, Marine x3  
  148  12:24  Marauder  
  133  12:36  Siege Tank x2  
  134  12:38  Marauder, Marine x2  
  134  12:41  Marauder  
  136  12:45  Marine  
  133  12:55  Marine x2  
  130  13:00  Marauder  
  130  13:02  Marine  
  130  13:03  Marauder  
  110  13:13  Marine x2  
  98  13:20  Marauder  
  98  13:21  Marauder  
  98  13:24  Marine  
  103  13:28  Barracks  
  103  13:30  Barracks Reactor  
  103  13:31  Marine x2  
  98  13:42  Marauder, Marine  
  98  13:43  Marauder  
  99  13:49  Marine x2  
Tags
 
Add a new tag
Caveats
  • Supply blocks, unpowered buildings, or Contaminate may cause inaccurate times.
  • Supply counts are checked every 10 seconds.